AoeStats
← CLİNT EASTWOOD SS

Arena

507257597Analyzed
1v1 RM · 15d ago on Sep 17, 2026· 72m 21s· 2 players
Game mode
Random Map
Map size
Tiny (2 player)
Population
200
Speed
Normal
Resources
Standard
Victory
Conquest
Starting age
Dark Age
Ending age
Imperial Age
RankedLock teamsTeams togetherTeam positionsShared explorationLock speedFull tech treeHidden civsTurbo modeCheats
Victory
Defeat
🇦🇺 Sicilians · Australia
594
+19
🇹🇷 Berbers · Türkiye
661
-19
BULLETZAA
12:18 Feudal Age
18:18 Castle Age
16:21 Double-Bit Axe
16:53 Horse Collar
17:57 Gold Mining
20:02 Wheelbarrow
20:53 Bow Saw
24:45 Fletching
28:19 First Crusade
29:21 Forging
29:12 Scale Mail Armor
29:08 Bodkin Arrow
29:15 Padded Archer Armor
32:49 Imperial Age
31:38 Hand Cart
31:33 Heavy Plow
32:26 Pikeman
33:45 Chain Mail Armor
35:49 Iron Casting
35:16 Bracer
35:32 Leather Archer Armor
35:48 Plate Mail Armor
34:43 Halberdier
35:34 Elite Serjeant
37:24 Gold Shaft Mining
36:40 Stone Mining
38:23 Blast Furnace
38:15 Ballistics
37:51 Murder Holes
37:42 Arrowslits
38:59 Chemistry
38:02 Elite Skirmisher
38:03 Crossbowman
39:23 Conscription
39:44 Hoardings
40:28 Arbalester
41:20 Scale Barding Armor
42:28 Stone Shaft Mining
42:34 Loom
42:36 Town Watch
44:45 Arson
45:00 Squires
54:12 Siege Engineers
58:37 Town Patrol
CLİNT EASTWOOD SS
12:34 Feudal Age
18:16 Double-Bit Axe
19:48 Horse Collar
23:46 Castle Age
23:17 Bloodlines
25:06 Husbandry
27:08 Bow Saw
27:57 Gold Mining
27:59 Stone Mining
28:14 Heavy Plow
29:00 Wheelbarrow
30:48 Gold Shaft Mining
30:55 Stone Shaft Mining
35:28 Imperial Age
33:45 Elite Skirmisher
34:38 Thumb Ring
34:48 Padded Archer Armor
34:38 Fletching
35:28 Hand Cart
36:16 Ballistics
37:25 Chemistry
37:50 Crop Rotation
38:57 Siege Engineers
39:42 Leather Archer Armor
39:22 Bodkin Arrow
39:39 Forging
40:50 Cavalier
42:46 Ring Archer Armor
42:26 Scale Barding Armor
43:37 Elite Genitour
48:23 Man-at-Arms
49:04 Squires
48:50 Arson
49:06 Long Swordsman
50:27 Two-Handed Swordsman
51:24 Champion
53:32 Scale Mail Armor
54:10 Iron Casting
56:31 Chain Mail Armor
61:47 Blast Furnace
60:50 Bracer
62:21 Pikeman
62:48 Light Cavalry
64:08 Arrowslits
64:57 Plate Mail Armor
64:48 Chain Barding Armor
65:00 Hussar
Connection lost

Rejoining the realm…

Still unreachable

The connection could not be restored.

Session expired

The server has moved on; the page needs a fresh start.